 Dungeon Crawl Stone Soup version 0.18-a0-1577-gf591c28 (webtiles) character file.

60 miau the Magician (level 3, 0/15 HPs)
             Began as a Felid Wizard on Mar 23, 2016.
             Slain by a worm (7 damage)
             ... on level 2 of the Dungeon.
             The game lasted 00:10:18 (2819 turns).

miau the Magician (Felid Wizard)                    Turns: 2819, Time: 00:10:19

Health: 0/15       AC:  1    Str:  4    XL:     3   Next: 82%
Magic:  0/9        EV: 18    Int: 19    God:
Gold:   75         SH:  0    Dex: 14    Spells: 2 memorised, 6 levels left
                                        Lives:  0   Deaths: 0

rFire  . . .     SeeInvis +     (weapon unavailable)
rCold  . . .     Gourm    .     (armour unavailable)
rNeg   . . .     Faith    .     (shield unavailable)
rPois  .         Spirit   .     (helmet unavailable)
rElec  .         Dismiss  .     (cloak unavailable)
rCorr  .         Reflect  .     (gloves unavailable)
SustAt .         Harm     +     (boots unavailable)
MR     .....                    f - amulet of harm
Stlth  +++.......               (no ring)
                                (no ring)

@: very slightly contaminated, quick, not resistant to hostile enchantments,
fairly stealthy
A: no armour, no weapons or thrown items, claws 1, fangs 3, see invisible,
carnivore 3, speed 1, shaggy fur 1, slow metabolism 1, sharp paws
a: no special abilities


You were on level 2 of the Dungeon.
You were completely stuffed.

You visited 1 branch of the dungeon, and saw 2 of its levels.

You collected 75 gold pieces.

Inventory:

Jewellery
 e - an uncursed ring of ice
 f - an amulet of harm (around neck)
 g - an uncursed amulet of rage
Books
 a - a book of Minor Magic

   Spells                             Type                      Level
   a - Magic Dart                     Conjuration                  1
   b - Blink                          Translocation                2
   c - Call Imp                       Summoning                    2
   d - Repel Missiles                 Charms/Air                   2
   e - Slow                           Hexes                        2
   f - Conjure Flame                  Conjuration/Fire             3
   g - Mephitic Cloud                 Conjuration/Poison/Air       3
Comestibles
 b - 4 meat rations
 c - a royal jelly
 d - a beef jerky
 h - a chunk of flesh


   Skills:
 * Level 1.5 Fighting
 - Level 3.0 Dodging
 + Level 2.9 Stealth
 + Level 3.7 Spellcasting
 + Level 1.6 Conjurations
   Level 1.0 Summonings
 + Level 1.5 Translocations


You had 6 spell levels left.
You knew the following spells:

 Your Spells              Type           Power        Failure   Level  Hunger
l - Blink                 Tloc           N/A          14%         2    ##.....
z - Magic Dart            Conj           #...         10%         1    None


Dungeon Overview and Level Annotations

Branches:
Dungeon (2/15)

Altars:
Pakellas
Trog


Innate Abilities, Weirdness & Mutations

You cannot wear armour.
You are incapable of wielding weapons or throwing items.
You have sharp claws.
You have razor-sharp teeth.
You have supernaturally acute eyesight.
You are carnivorous and can eat meat at any time.
You cover ground quickly.
You are covered in fur (AC +1).
You have a slow metabolism.
Your sharp claws are effective at attacking unaware monsters.


Message History

The magic dart hits the worm.
The worm is severely wounded.
You barely miss the worm.
The worm is severely wounded.
The worm closely misses you.
You scratch the worm but do no damage. You bite the worm, but do no damage.
The worm is heavily wounded.
You barely miss the worm.
The worm is heavily wounded.
The worm bites you!
Ouch! That really hurt!
Casting: Magic Dart
Confirm with . or Enter, or press ? or * to list all spells.
Aiming: Magic Dart
Press: ? - help, Shift-Dir - straight line, f/p - worm
Aim: a worm (heavily wounded)
The magic dart hits the worm.
The worm is severely wounded.
The worm bites you.
You die...

.# #.#...# #.##........# .#
#.##### #.......#≈≈≈≈ .# #.#
#######.#≈### ## #.# #.###§§ .##
#.# #.##⌠≈. ..## #.# ### #.###≈.
...## ##.## ##.###.##⌠≈.
....####...###########...##.###§§
....'..........w@...........'####
....####...###########...##.#.###
...## ##.## ##.###.##... ..##
#.## #####.###.. .## #..#
#####...###. ## ##.# #.......# ##
# ####### #.###...# # # #########
#####.###.### # ## ###..#≈..y#
#..<.......#####


You could see a worm.

Vanquished Creatures
  A worm (D:2)
  2 dart slugs
  3 giant geckos
  2 ball pythons
  2 bats
  2 giant cockroaches
  10 goblins
  3 hobgoblins
  7 jackals
  2 kobolds
  A giant newt (D:2)
  11 rats
46 creatures vanquished.

Vanquished Creatures (others)
  A wasp (D:2)
1 creature vanquished.

Grand Total: 47 creatures vanquished

Notes
Turn   | Place    | Note
--------------------------------------------------------------
     0 | D:1      | miau the Felid Wizard began the quest for the Orb.
     0 | D:1      | Reached XP level 1. HP: 7/7 MP: 5/5
    89 | D:1      | Reached skill level 1 in Conjurations
   217 | D:1      | Reached XP level 2. HP: 11/11 MP: 5/7
  1018 | D:1      | Reached XP level 3. HP: 15/15 MP: 7/9
  1022 | D:1      | Learned a level 2 spell: Blink
  1186 | D:2      | Found an oddly glowing altar of Pakellas.
  1186 | D:2      | Noticed an orange crystal statue
  1187 | D:2      | Noticed a wasp
  1220 | D:2      | Killed a wasp
  1357 | D:2      | Reached skill level 1 in Fighting
  1521 | D:2      | Found a bloodstained altar of Trog.
  2819 | D:2      | Slain by a worm

Vault maps used:
D:1:      dpeg_arrival_erosion
D:2:      lightli_temple_of_fire, gammafunk_pakellas_statue_experiment

Skill      XL: |  1  2  3 |
---------------+----------+-----
Conjurations   | 1 |  1.6
Fighting       | 1 |  1.5
Dodging        | 3 |  3.0
Stealth        | |  2.9
Spellcasting   | |  3.7
Summonings     | |  1.0
Translocations | |  1.5

Action                   || total
-------------------------++-------
Melee: Unarmed           ||     7
 Cast: Magic Dart        ||   141
  Use: Scroll            ||     3
       Potion            ||     2
  Eat: Chunk             ||    11
